 Dungeon Sprint DCSS version 0.20.1-1-g8b1a95d (webtiles) character file.

357 potatolord6000 the Thaumaturge (level 6, 0/32 HPs)
             Began as a Deep Elf Summoner on Aug 29, 2017.
             Was a Priest of Sif Muna.
             Slain by Grinder (5 damage)
             ... while paralysed by Grinder
             ... in the Dungeon (Sprint VII: "The Pits").
             The game lasted 00:05:14 (768 turns).

potatolord6000 the Thaumaturge (Deep Elf Summoner)   Turns: 768, Time: 00:05:15

Health: 0/32       AC:  2    Str:  5    XL:     6   Next: 36%
Magic:  15/20      EV:  2    Int: 22    God:    Sif Muna [***...]
Gold:   0          SH:  0    Dex: 15    Spells: 9/23 levels left

rFire    . . .     SeeInvis .   j - +2 dagger
rCold    . . .     Gourm    .   (no shield)
rNeg     . . .     Faith    .   a - +0 robe
rPois    .         Spirit   .   (no helmet)
rElec    .         Reflect  .   (no cloak)
rCorr    .         Harm     .   (no gloves)
MR       .....     NoTele   +   (no boots)
Stlth    ++++......             (no amulet)
Regen    0.1/turn               (no ring)
MPRegen  0.2/turn               (no ring)

@: paralysed
A: no striking features
a: Divine Energy, Channel Magic, Renounce Religion


You were in the Dungeon.
You worshipped Sif Muna.
Sif Muna was most pleased with you.
You were not hungry.

You visited 1 branch

Inventory:

Hand Weapons
 j - a +2 dagger (weapon)
Armour
 a - a +0 robe (worn)
Scrolls
 i - a scroll of blinking
 l - 3 scrolls of remove curse
 m - 5 scrolls of amnesia
 n - a scroll of summoning
Potions
 d - 6 potions of curing
 e - 3 potions of heal wounds
 f - a potion of haste
 g - 3 potions of magic
 h - 3 potions of berserk rage
Books
 b - a book of Callings

   Spells                             Type                      Level
   a - Summon Small Mammal            Summoning                    1
   b - Call Imp                       Summoning                    2
   c - Call Canine Familiar           Summoning                    3
   d - Summon Guardian Golem          Hexes/Summoning              3
   e - Summon Lightning Spire         Summoning/Air                4
   f - Summon Ice Beast               Ice/Summoning                4
Comestibles
 c - 8 bread rations
 o - 40 fruits
 p - 7 meat rations


   Skills:
 + Level 8.3 Dodging
 + Level 9.1 Stealth
 + Level 9.3 Spellcasting
 + Level 8.8 Summonings
 + Level 1.5 Invocations


You had 9 spell levels left.
You knew the following spells:

 Your Spells              Type           Power        Failure   Level  Hunger
a - Summon Small Mammal   Summ           ####         1%          1    None
b - Call Imp              Summ           #####...     1%          2    None
c - Call Canine Familiar  Summ           #####...     1%          3    None
d - Summon Lightning Spi  Summ/Air       ####....     11%         4    ##.....
e - Summon Ice Beast      Ice/Summ       ####....     11%         4    ##.....


Dungeon Overview and Level Annotations

Branches:
Dungeon (1/1)

Altars:
Ashenzari
Cheibriados
Dithmenos
Elyvilon
Fedhas
Gozag
Hepliaklqana
Kikubaaqudgha
Makhleb
Nemelex Xobeh
Okawaru
Qazlal
Ru
Sif Muna
Trog
Uskayaw
Vehumet
Xom
Yredelemnul
Zin
The Shining One
Beogh
Jiyva
Lugonu

Annotations:
D Grinder


Message History

Unknown command.
Unknown command.
Grinder hits you.
You writhe in agony.
The phantom blinks!
Your ice beast barely misses the phantom.
Grinder gestures at you. Pain shoots through your body!
* * * LOW HITPOINT WARNING * * *
The phantom blinks!
Your ice beast hits the phantom but does no damage.
Unknown command.
Grinder gestures at you.
You suddenly lose the ability to move!
The phantom hits your ice beast.
Your ice beast hits the phantom.
Your ice beast freezes the phantom.
The phantom resists.
Your lightning spire disappears in a puff of smoke!
Grinder says, "FISH!"
Grinder hits you.
* * * LOW HITPOINT WARNING * * *
You writhe in agony.
You die...

#.#...)))[.##.......#
#'###########.......#
#.......#F. #########
#.###...#.#
#.#.....#h#
#.#...#.#W#
#.....#.#Y+
#...###.#5#
#.......@ยง#
###########


You could see Grinder, a phantom, a bullfrog (sleeping), a jackal and a friendly
ice beast.

Vanquished Creatures
  Edmund (D)
  A porcupine (D)
  2 phantoms (D)
  A jackal (D)
  A rat (D)
6 creatures vanquished.

Vanquished Creatures (collateral kills)
  A floating eye (D)
  A quasit (D)
  2 adder skeletons (D)
  A ball python (D)
  3 giant cockroaches (D)
  A goblin (D)
  A hobgoblin (D)
  2 jackals (D)
  A kobold (D)
  A leopard gecko zombie (D)
14 creatures vanquished.

Grand Total: 20 creatures vanquished

Notes
Turn   | Place    | Note
-------+----------+-------------------------------------------
     0 | D        | potatolord6000 the Deep Elf Summoner began the quest for the Orb.
     0 | D        | Reached XP level 1. HP: 10/10 MP: 6/6
    57 | D        | Found a bloodstained altar of Trog.
    57 | D        | Found a deep blue altar of Sif Muna.
    57 | D        | Found a viscous altar of Jiyva.
    57 | D        | Found a hazy altar of Hepliaklqana.
    57 | D        | Found an opulent altar of Gozag.
    58 | D        | Found a glowing golden altar of the Shining One.
    58 | D        | Found a glowing silver altar of Zin.
    58 | D        | Found a basalt altar of Yredelemnul.
    58 | D        | Found a shimmering altar of Xom.
    58 | D        | Found a sacrificial altar of Ru.
    58 | D        | Found a stormy altar of Qazlal.
    58 | D        | Found an iron altar of Okawaru.
    58 | D        | Found a sparkling altar of Nemelex Xobeh.
    58 | D        | Found a burning altar of Makhleb.
    58 | D        | Found a blossoming altar of Fedhas.
    58 | D        | Found a white marble altar of Elyvilon.
    58 | D        | Found a shadowy altar of Dithmenos.
    58 | D        | Found a snail-covered altar of Cheibriados.
    61 | D        | Found a corrupted altar of Lugonu.
    61 | D        | Found a radiant altar of Vehumet.
    61 | D        | Found a roughly hewn altar of Beogh.
    62 | D        | Found an ancient bone altar of Kikubaaqudgha.
    62 | D        | Found a hide-covered altar of Uskayaw.
    62 | D        | Found a shattered altar of Ashenzari.
    63 | D        | Became a worshipper of Sif Muna the Loreminder
   309 | D        | Reached * piety under Sif Muna
   317 | D        | Reached skill level 5 in Summonings
   320 | D        | Reached XP level 2. HP: 15/15 MP: 3/9
   325 | D        | Learned a level 2 spell: Call Imp
   466 | D        | Noticed Edmund
   466 | D        | Noticed a floating eye
   474 | D        | Paralysed by a floating eye for 4 turns
   475 | D        | Killed a floating eye
   475 | D        | Reached ** piety under Sif Muna
   475 | D        | Reached skill level 5 in Stealth
   475 | D        | Reached skill level 5 in Spellcasting
   475 | D        | Reached XP level 3. HP: 19/19 MP: 2/12
   482 | D        | Learned a level 3 spell: Call Canine Familiar
   493 | D        | Noticed a phantom
   503 | D        | Reached skill level 5 in Dodging
   516 | D        | Reached XP level 4. HP: 19/24 MP: 0/14
   579 | D        | Killed Edmund
   579 | D        | Reached *** piety under Sif Muna
   579 | D        | Reached XP level 5. HP: 28/28 MP: 4/17
   581 | D        | Killed a phantom
   601 | D        | Learned a level 4 spell: Summon Lightning Spire
   606 | D        | Learned a level 4 spell: Summon Ice Beast
   613 | D        | Noticed a porcupine
   621 | D        | Killed a porcupine
   621 | D        | Reached XP level 6. HP: 32/32 MP: 6/20
   652 | D        | Reached skill level 1 in Invocations
   751 | D        | Noticed Grinder
   767 | D        | Paralysed by Grinder for 2 turns
   768 | D        | Slain by Grinder

Skill      XL: |  1  2  3  4  5  6 |
---------------+-------------------+-----
Stealth        | 3 5 7 8 9 |  9.1
Dodging        | 3 4 5 6 8 |  8.3
Summonings     | 5 6 7 8 |  8.8
Spellcasting   | 4 5 6 7 9 |  9.3
Invocations    | 1 |  1.5

Action                   |  1- 3 |  4- 6 || total
-------------------------+-------+-------++-------
Melee: Dagger            |     2 |    10 ||    12
 Cast: Summon Small Mamm |    15 |       ||    15
       Call Imp          |     9 |     4 ||    13
       Call Canine Famil |     1 |     3 ||     4
       Summon Lightning  |       |     4 ||     4
       Summon Ice Beast  |       |     1 ||     1
  Use: Potion            |       |     6 ||     6
 Stab: Invisible         |       |     3 ||     3
       Sleeping          |       |     1 ||     1
Armor: Robe              |     4 |       ||     4
Dodge: Dodged            |    20 |     7 ||    27
